 Dungeon Crawl Stone Soup version 0.27-a0-1301-g128193abf8 (webtiles) character file.

Game seed: 7052212729690921210

431 bobarctor the Magician (level 6, -4/34 HPs)
             Began as a Deep Elf Necromancer on June 17, 2021.
             Was a Believer of Okawaru.
             Slain by a lemure (6 damage)
             ... led by Pikel
             ... on level 6 of the Dungeon.
             The game lasted 00:15:12 (5854 turns).

bobarctor the Magician (Deep Elf Necromancer)       Turns: 5854, Time: 00:15:12

Health: -4/34      AC:  3    Str:  5    XL:     6   Next: 66%
Magic:  9/18       EV: 16    Int: 20    God:    Okawaru [**....]
Gold:   225        SH:  0    Dex: 17    Spells: 10/19 levels left

rFire    . . .     SeeInvis .   b - +0 short sword
rCold    . . .     Faith    .   (no shield)
rNeg     . . .     Spirit   .   a - +1 robe
rPois    .         Reflect  .   (no helmet)
rElec    .         Harm     .   (no cloak)
rCorr    .         Rampage  .   (no gloves)
Will     +....                  (no boots)
Stlth    ++++......             (no amulet)
HPRegen  0.11/turn              j - ring of willpower
MPRegen  0.16/turn              (no ring)

@: heroic
A: no striking features
a: Renounce Religion, Heroism


You were on level 6 of the Dungeon.
You worshipped Okawaru.
Okawaru was pleased with you.
You visited 1 branch of the dungeon, and saw 7 of its levels.

You collected 225 gold pieces.

Inventory:

Hand Weapons
 b - a +0 short sword (weapon)
 c - a +0 dagger
 k - a +0 long sword
Missiles
 d - 80 arrows
 f - 25 poisoned darts (quivered)
 g - 80 stones
 m - 52 bolts
Armour
 a - a +1 robe (worn)
 e - a +2 buckler
Jewellery
 j - a ring of willpower (left hand)
Wands
 r - a wand of iceblast (10)
Scrolls
 l - a scroll of enchant armour
 n - a scroll of amnesia
 t - a scroll of noise
Potions
 h - 2 potions of heal wounds
 i - 2 potions of flight
 o - a potion of invisibility {unknown}
 p - a potion of degeneration {unknown}
 q - 2 potions of curing {unknown}


   Skills:
 * Level 1.4(6.4) Fighting
 + Level 2.7(7.7) Dodging
 + Level 2.8(7.8) Stealth
 * Level 7.3 Spellcasting
 + Level 6.0 Necromancy
 * Level 2.3 Invocations


You had 10 spell levels left.
You knew the following spells:

 Your Spells              Type           Power      Damage    Failure   Level
a - Pain                  Necr           100%       1d9       1%          1
b - Animate Skeleton      Necr           62%        N/A       1%          1
c - Vampiric Draining     Necr           15%        2d8       2%          3
d - Animate Dead          Necr           15%        N/A       8%          4

Your spell library contained the following spells:

 Spells                   Type           Power      Damage    Failure   Level
 Agony                    Necr           31%        N/A       22%         5


Dungeon Overview and Level Annotations

Branches:
Dungeon (7/15)             Temple (0/1) D:5

Altars:
Cheibriados
Okawaru
Yredelemnul


Message History

You draw life force from the iguana.
You feel life coursing into your body. The lemure barely misses you.
The iguana bites you but does no damage.
Casting: Vampiric Draining (dangerous; 2% risk of failure)
Confirm with . or Enter, or press ? or * to list all spells.
Aiming: Vampiric Draining (dangerous; 2% risk of failure)
Press: ? - help, Shift-Dir - straight line, f/p - iguana
Aim: an iguana (severely wounded)
You draw life force from the iguana!
You kill the iguana!
Okawaru accepts your kill.
You feel life coursing into your body. The lemure completely misses you.
You gain the combat prowess of a mighty hero.
The lemure hits you.
* * * LOW HITPOINT WARNING * * *
You hit the lemure.
The lemure is lightly wounded.
The lemure barely misses you.
You hit the lemure.
The lemure is lightly wounded.
The lemure closely misses you.
You hit the lemure.
The lemure is moderately wounded.
The lemure completely misses you.
You closely miss the lemure.
The lemure is moderately wounded.
You barely miss the lemure.
The lemure is moderately wounded.
The lemure hits you!
* * * LOW HITPOINT WARNING * * *
You hit the lemure but do no damage.
The lemure is moderately wounded.
The lemure closely misses you.
You hit the lemure but do no damage.
The lemure is moderately wounded.
The lemure closely misses you.
You hit the lemure but do no damage.
The lemure is moderately wounded.
The lemure hits you.
You die...

##....##..# ##.......#
###....## ##...#
#######..#
####.....#..##
##...........<##
##.............†#
#............@5>#
#................#
...............8.8.8...
###...................#
##....................
...........#...........
8.8.8.8...!.##8.........
.........)..............


You could see a lemure.

Vanquished Creatures
  An ogre (D:4)
  A bullfrog (D:6)
  A scorpion (D:6)
  A hound (D:4)
  A bullfrog skeleton (D:4)
  2 iguanas
  A howler monkey skeleton (D:4)
  2 adders
  A shadow imp (D:4)
  An adder skeleton (D:4)
  A worm (D:3)
  2 dart slugs (D:3)
  2 orcs
  7 bats
  7 endoplasms
  4 giant cockroaches
  6 goblins
  6 hobgoblins
  4 jackals (D:1)
  7 quokkas
  5 ball pythons
  2 frilled lizards (D:1)
  5 kobolds
  5 rats
75 creatures vanquished.

Notes
Turn   | Place    | Note
-------+----------+-------------------------------------------
     0 | D:1      | bobarctor the Deep Elf Necromancer began the quest for the
                  | Orb.
     0 | D:1      | Reached XP level 1. HP: 10/10 MP: 6/6
    47 | D:1      | Learned a level 1 spell: Animate Skeleton
   319 | D:1      | Reached skill level 5 in Necromancy
   812 | D:1      | Reached XP level 2. HP: 11/15 MP: 4/8
   985 | D:1      | Found a faded altar of an unknown god.
   994 | D:1      | Became a worshipper of Warmaster Okawaru
   994 | D:1      | Reached * piety under Okawaru
  1398 | D:1      | Reached skill level 4 in Spellcasting
  1840 | D:2      | Reached XP level 3. HP: 15/19 MP: 6/10
  1910 | D:2      | Learned a level 3 spell: Vampiric Draining
  2012 | D:2      | Found a basalt altar of Yredelemnul.
  2833 | D:3      | Found a snail-covered altar of Cheibriados.
  2839 | D:3      | Reached skill level 1 in Invocations
  3002 | D:3      | Reached skill level 5 in Spellcasting
  3002 | D:3      | Reached XP level 4. HP: 21/24 MP: 9/13
  3498 | D:3      | Found an iron altar of Okawaru.
  4168 | D:4      | Noticed an ogre
  4173 | D:4      | Killed an ogre
  4174 | D:4      | Reached skill level 6 in Spellcasting
  4174 | D:4      | Reached XP level 5. HP: 28/28 MP: 2/15
  4267 | D:4      | Learned a level 4 spell: Animate Dead
  4406 | D:4      | Reached skill level 1 in Fighting
  4965 | D:4      | HP: 1/29 [bullfrog skeleton (4)]
  5372 | D:5      | Entered Level 5 of the Dungeon
  5431 | D:5      | Reached XP level 6. HP: 30/34 MP: 8/17
  5531 | D:6      | Reached ** piety under Okawaru
  5532 | D:6      | Reached skill level 7 in Spellcasting
  5838 | D:7      | Noticed a wyvern
  5851 | D:6      | HP: 1/34 [lemure[Pikel] (7)]
  5854 | D:6      | Slain by a lemure

Illustrated notes

Levels and vault maps discovered:
D:1:      beargit_arrival_diablo_church, layout_basic, basic_ecumenical_altar,
          minmay_tromino_i2
D:2:      layout_rooms, basic_altar, serial_rivers,
          chequers_serial_rivers_room_b, chequers_serial_rivers_room_a,
          chequers_serial_rivers_room_a, chequers_serial_rivers_micro_d
D:3:      layout_loops_corners, kennysheep_slug_shrine, lemuel_doored_altar,
          minmay_between
D:4:      layout_basic
D:5:      layout_basic, minmay_temple_entry_offerings
D:6:      layout_cave_pods, serial_column_ruins, column_ruins_courtyard_long,
          column_ruins_columns_straight, column_ruins_grid_3,
          column_ruins_open_small_water, column_ruins_grid_1, uniq_pikel
D:7:      layout_gridville, grunt_temple_overflow_open,
          lemuel_mausoleum_altar_kikubaaqudgha

Skill      XL: |  1  2  3  4  5  6 |
---------------+-------------------+-----
Necromancy     | 5 6 |  6.0
Spellcasting   | 4 5 6 7 |  7.3
Invocations    | 1 2 |  2.3
Fighting       | 1 |  1.4
Dodging        | |  2.7
Stealth        | |  2.8

Action                   |  1- 3 |  4- 6 || total
-------------------------+-------+-------++-------
Melee: Short sword       |     1 |    54 ||    55
Throw: Dart              |     1 |     1 ||     2
 Cast: Pain              |    88 |    40 ||   128
       Vampiric Draining |       |    14 ||    14
       Animate Dead      |       |     1 ||     1
Invok: Heroism           |       |     2 ||     2
  Use: Scroll            |       |     6 ||     6
Armor: Robe              |       |     8 ||     8
Dodge: Dodged            |     9 |    54 ||    63

Table legend: (Time is in decaauts)
 A = Elapsed time spent in this place.
 B = Non-inter-level travel time spent in this place.
 C = Inter-level travel time spent in this place.
 D = Time resting spent in this place.
 E = Time spent auto-exploring this place.
 F = Levels seen in this place.
 G = Mean time per level.
                   A        B        C        D        E       F      G
               +--------+--------+--------+--------+--------+-----+--------+
         Total |   5858 |   5733 |    125 |   1756 |   3422 |   7 |  836.9 |
       Dungeon |   5858 |   5733 |    125 |   1756 |   3422 |   7 |  836.9 |
               +--------+--------+--------+--------+--------+-----+--------+

Top non-repeatable levels by time:
     D:1: 1818 daAuts
     D:3: 1324 daAuts
     D:4: 1229 daAuts
     D:2: 1003 daAuts
     D:6: 326 daAuts
     D:5: 154 daAuts
     D:7: 1 daAuts
